 Dungeon Crawl Stone Soup version 0.18-b1-22-ge198996 (webtiles) character file.

19594 shmeve the Fighter (level 12, 0/81 HPs)
             Began as a Gargoyle Berserker on May 3, 2016.
             Was the Champion of Trog.
             Slain by a wolf spider (6 damage)
             ... on level 2 of the Lair of Beasts.
             The game lasted 00:27:12 (11008 turns).

shmeve the Fighter (Gargoyle Berserker)            Turns: 11008, Time: 00:27:14

Health: 0/81       AC: 34    Str: 25    XL:     12   Next: 70%
Magic:  4/4        EV:  9    Int:  9    God:    Trog [******]
Gold:   730        SH:  0    Dex:  9    Spells: 0 memorised, 11 levels left

rFire  . . .     SeeInvis .     H - +1 executioner's axe (antimagic)
rCold  . . .     Gourm    .     x - +0 plate armour
rNeg   + . .     Faith    .     (shield currently unavailable)
rPois  ∞         Spirit   .     k - +2 hat
rElec  +         Dismiss  .     a - +2 cloak
rCorr  .         Reflect  .     y - +2 pair of gloves
SustAt .         Harm     .     (no boots)
MR     +++..                    (no amulet)
Stlth  ..........               G - ring of protection from magic
                                B - +3 ring of protection

@: exhausted, regenerating, slowed, very slow, extremely resistant to hostile
enchantments, extremely unstealthy
A: negative energy resistance 1, electricity resistance, unbreathing,
petrification resistance, rot immunity, AC +8
a: Berserk, Trog's Hand, Brothers in Arms, Burn Spellbooks, Renounce Religion


You were on level 2 of the Lair of Beasts.
You worshipped Trog.
Trog was exalted by your worship.
You were very hungry.

You visited 3 branches of the dungeon, and saw 14 of its levels.

You collected 730 gold pieces.

Inventory:

Hand Weapons
 C - a +5 broad axe of electrocution
 H - a +1 antimagic executioner's axe (weapon)
Armour
 a - a +2 cloak (worn)
 k - a +2 hat (worn)
 x - a +0 plate armour (worn)
 y - a +2 pair of gloves (worn)
Jewellery
 B - a +3 ring of protection (left hand)
 F - an uncursed ring of resist corrosion
 G - a ring of protection from magic (right hand)
Scrolls
 b - a scroll of enchant weapon {unknown}
 d - 7 scrolls of remove curse
 l - 5 scrolls of recharging
 m - a scroll of fog
 n - 2 scrolls of magic mapping
 p - 2 scrolls of blinking
 q - a scroll of noise
 s - 5 scrolls of teleportation
 t - 6 scrolls of identify
 J - a scroll of fear {unknown}
Potions
 e - a potion of ambrosia {unknown}
 g - 3 potions of heal wounds
 i - 2 potions of cancellation
 o - 5 potions of curing
 r - 2 potions of agility
 u - 2 potions of cure mutation
 v - a potion of resistance {unknown}
 w - 6 potions of flight
 z - a potion of might
 A - a potion of haste {unknown}
 D - a potion of lignification {unknown}
Comestibles
 c - 13 bread rations
 f - 2 slices of pizza
 h - 3 beef jerkies
 j - 5 meat rations
 E - 4 chunks of flesh
 I - 11 royal jellies


   Skills:
 * Level 12.2 Fighting
 * Level 10.8 Axes
 + Level 8.8 Armour
 + Level 6.6 Dodging
 + Level 9.6 Stealth


You had 11 spell levels left.
You didn't know any spells.

Dungeon Overview and Level Annotations

Branches:
Dungeon (11/15)            Temple (1/1) D:6            Lair (2/8) D:11
    Orc: D:9-12

Altars:
Ashenzari
Cheibriados
Dithmenos
Fedhas
Gozag
Kikubaaqudgha
Pakellas
Ru
Sif Muna
Trog
Vehumet
Xom
Yredelemnul

Annotations:
D:6 exclusion: oklob plant


Innate Abilities, Weirdness & Mutations

You are resistant to torment.
Your stone body is resilient (AC +8).
You are immune to poison.
You resist negative energy.
You are resistant to electric shocks.
You can survive without breathing.
You are immune to petrification.
You are immune to rotting.


Message History

You barely miss the wolf spider.
The wolf spider is almost dead.
You hit the adder.
The adder is lightly wounded.
The wolf spider hits you but does no damage.
The wolf spider bites you but does no damage.
The adder barely misses you.
The adder bites the plant.
The wolf spider hits you.
* * * LOW HITPOINT WARNING * * *
The wolf spider completely misses you. The adder bites you but does no damage.
The adder bites the plant but does no damage.
The wolf spider hits you but does no damage.
The wolf spider bites you but does no damage.
Your skin crawls.
You feel resistant to hostile enchantments.
You feel slightly more hungry. The wolf spider barely misses you.
The wolf spider bites you but does no damage.
The adder bites the plant.
The adder bites you but does no damage. x2
The wolf spider hits you.
You die... ...P ### .... #### ####.##### PP..P #..###.###....### PP... #................
PPP..P #.............##. .PPP.P#

#............#†..
PP.PP.S##................
P..PP.s#................
.......#@............P...
P....PPSS................
.............................#...
.............................#...
...............................#.
.................................
.................................
.................................
.................................


You could see a wolf spider and 3 adders.

Vanquished Creatures
  Fannar (Lair:1)
  A hydra (Lair:1)
  Nergalle (D:11)
  The ghost of dadrew1 the Basher, a novice TrFi of Ru (D:7)
  An unseen horror (D:11)
  A griffon (Lair:2)
  An ugly thing (D:11)
  A centaur skeleton (D:10)
  A black mamba (Lair:2)
  2 komodo dragons
  A troll (D:10)
  Prince Ribbit (D:9)
  A queen bee (Lair:1)
  A blink frog (Lair:1)
  A wraith (D:11)
  21 yaks
  6 hippogriffs
  A basilisk (Lair:1)
  2 hungry ghosts
  2 steam dragons
  A soldier ant (D:11)
  3 water moccasins
  8 orc warriors
  6 sky beasts
  2 black bears
  3 ice beasts
  A phantom (D:6)
  7 ogres
  3 wolves (Lair:2)
  3 crocodiles
  7 centaurs
  6 big kobolds
  7 giant frogs
  2 wyvern zombies
  A gnoll sergeant (D:8)
  2 scorpions
  29 killer bees
  9 howler monkeys
  8 wights
  2 electric eels (D:7)
  5 crimson imps
  A jelly (D:10)
  2 quasits
  A giant frog zombie (D:6)
  3 centaur zombies
  3 hounds
  10 orc wizards
  A giant frog skeleton (D:6)
  7 orc priests
  An iron imp (D:7)
  4 iguanas
  6 hell rats (Lair:1)
  6 worker ants
  A killer bee zombie (D:9)
  A hound zombie (D:5)
  A worker ant zombie (D:7)
  15 adders
  8 gnolls
  A howler monkey skeleton (D:8)
  11 river rats (Lair:1)
  4 oozes
  2 adder skeletons
  A worm (D:2)
  2 dart slugs (D:3)
  6 giant geckos
  51 orcs
  4 giant cockroaches
  11 goblins
  12 hobgoblins
  4 quokkas
  A ball python (D:2)
  5 bats
  5 giant newts
  12 kobolds
  A quokka skeleton (D:4)
  29 rats
  A bush (Lair:2)
  A fungus (Lair:2)
  3 plants
401 creatures vanquished.

Vanquished Creatures (others)
  The ghost of Shock the Grave Robber, a novice DsNe (D:6)
  A sky beast (D:6)
  An orc wizard (D:5)
  A fungus (D:6)
  3 plants (D:11)
  11 toadstools (D:6)
18 creatures vanquished.

Grand Total: 419 creatures vanquished

Notes
Turn   | Place    | Note
--------------------------------------------------------------
     0 | D:1      | shmeve the Gargoyle Berserker began the quest for the Orb.
     0 | D:1      | Reached XP level 1. HP: 14/14 MP: 1/1
     2 | D:1      | Noticed a merfolk
     2 | D:1      | Noticed a gargoyle
     4 | D:1      | Noticed a formicid
     4 | D:1      | Noticed a halfling
     6 | D:1      | Noticed an octopode
     8 | D:1      | Noticed a tengu
     8 | D:1      | Noticed a minotaur
    10 | D:1      | Noticed a troll
    10 | D:1      | Noticed a vine stalker
    12 | D:1      | Noticed a draconian
    14 | D:1      | Noticed a dwarf
    14 | D:1      | Noticed an elf
    16 | D:1      | Noticed a human
    16 | D:1      | Noticed a vampire
    18 | D:1      | Noticed a naga
    20 | D:1      | Noticed a ghoul
    20 | D:1      | Noticed a demonspawn
    23 | D:1      | Noticed a demigod
    23 | D:1      | Noticed an ogre
    25 | D:1      | Noticed a spriggan
    25 | D:1      | Noticed a felid
    27 | D:1      | Noticed a centaur
   314 | D:1      | Reached XP level 2. HP: 3/19 MP: 2/2
  1166 | D:1      | Reached XP level 3. HP: 20/23 MP: 3/3
  1181 | D:2      | Reached skill level 1 in Stealth
  1362 | D:2      | Reached ** piety under Trog
  1902 | D:3      | Reached XP level 4. HP: 24/29 MP: 4/4
  1905 | D:3      | Found an oddly glowing altar of Pakellas.
  2021 | D:3      | Reached skill level 4 in Fighting
  2179 | D:3      | Found a basalt altar of Yredelemnul.
  2330 | D:3      | Found a shattered altar of Ashenzari.
  2459 | D:3      | Reached *** piety under Trog
  2768 | D:4      | Noticed an ogre
  2776 | D:4      | Killed an ogre
  2776 | D:4      | Reached XP level 5. HP: 34/34 MP: 5/5
  2830 | D:4      | Found a shimmering altar of Xom.
  2944 | D:4      | Reached XP level 6. HP: 39/39 MP: 6/6
  3178 | D:4      | Found a shadowy altar of Dithmenos.
  3192 | D:4      | Reached skill level 5 in Fighting
  3368 | D:5      | Entered Level 5 of the Dungeon
  3498 | D:5      | Reached XP level 7. HP: 42/44 MP: 7/7
  3976 | D:6      | Reached skill level 5 in Axes
  4034 | D:6      | Reached XP level 8. HP: 13/51 MP: 8/8
  4036 | D:6      | Killed Shock's ghost
  4283 | D:6      | Found a radiant altar of Vehumet.
  4309 | D:6      | Reached skill level 6 in Fighting
  4504 | D:6      | Found a staircase to the Ecumenical Temple.
  4556 | D:6      | Reached **** piety under Trog
  4695 | D:6      | Reached skill level 5 in Armour
  4715 | D:6      | Found a blossoming altar of Fedhas.
  4747 | D:6      | Noticed an oklob plant
  4821 | Temple   | Entered the Ecumenical Temple
  4926 | D:7      | Reached skill level 7 in Fighting
  4958 | D:7      | Reached skill level 5 in Stealth
  4958 | D:7      | Reached XP level 9. HP: 52/57 MP: 9/9
  4993 | D:7      | Found a bloodstained altar of Trog.
  4997 | D:7      | Found a deep blue altar of Sif Muna.
  4998 | D:7      | Found an opulent altar of Gozag.
  5030 | D:7      | Found a snail-covered altar of Cheibriados.
  5065 | D:7      | Found a sacrificial altar of Ru.
  5129 | D:7      | Noticed dadrew1's ghost (novice TrFi)
  5173 | D:7      | Killed dadrew1's ghost
  5173 | D:7      | Reached skill level 8 in Fighting
  5889 | D:8      | Reached XP level 10. HP: 58/65 MP: 10/10
  5948 | D:8      | Reached skill level 9 in Fighting
  6286 | D:8      | Paralysed by fainting for 12 turns
  6365 | D:8      | Reached ***** piety under Trog
  6571 | D:9      | Found an ancient bone altar of Kikubaaqudgha.
  6749 | D:9      | Noticed Prince Ribbit
  6756 | D:9      | Killed Prince Ribbit
  7198 | D:9      | Reached skill level 10 in Fighting
  7248 | D:9      | Reached skill level 5 in Dodging
  7406 | D:10     | Entered Level 10 of the Dungeon
  7414 | D:10     | Received a gift from Trog
  7432 | D:10     | Reached XP level 11. HP: 49/72 MP: 11/11
  8264 | D:11     | Noticed a green ugly thing
  8276 | D:11     | Killed a green ugly thing
  8525 | D:11     | Noticed Nergalle
  8535 | D:11     | Killed Nergalle
  8535 | D:11     | Reached skill level 11 in Fighting
  8547 | D:11     | Killed an unseen horror
  8615 | D:11     | Found a staircase to the Lair.
  8709 | D:11     | Reached skill level 10 in Axes
  9386 | Lair:1   | Entered Level 1 of the Lair of Beasts
  9393 | Lair:1   | Reached XP level 12. HP: 78/80 MP: 12/12
  9540 | Lair:1   | Noticed Fannar
  9564 | Lair:1   | Killed Fannar
 10069 | Lair:1   | Received a gift from Trog
 10530 | Lair:1   | Noticed a five-headed hydra
 10548 | Lair:1   | Killed a 16-headed hydra
 10837 | Lair:2   | Reached skill level 12 in Fighting
 10850 | Lair:2   | Reached ****** piety under Trog
 11007 | Lair:2   | HP: 4/81 [wolf spider (4)]
 11008 | Lair:2   | Slain by a wolf spider

Skill      XL: |  1  2  3  4  5  6  7  8  9 10 11 12 |
---------------+-------------------------------------+-----
Axes           | 3 4 5 6 7 8 10 | 10.8
Stealth        | 1 2 3 5 6 7 8 9 |  9.6
Fighting       | 4 5 7 8 10 11 12 | 12.2
Armour         | 3 4 5 6 7 8 |  8.8
Dodging        | 2 3 4 5 6 |  6.6

Action                   |  1- 3 |  4- 6 |  7- 9 | 10-12 || total
-------------------------+-------+-------+-------+-------++-------
Melee: Hand axe          |   140 |   145 |   328 |       ||   613
       Broad axe         |       |       |    15 |   579 ||   594
       Executioner's axe |       |       |       |   201 ||   201
Invok: Berserk           |     1 |       |     3 |     5 ||     9
       Burn Spellbooks   |       |     1 |       |     3 ||     4
       Trog's Hand       |       |       |     3 |     4 ||     7
  Use: Scroll            |       |       |    20 |     1 ||    21
 Stab: Sleeping          |     3 |       |       |       ||     3
  Eat: Chunk             |     4 |     5 |    12 |    21 ||    42
       Beef jerky        |       |       |       |     4 ||     4
       Fruit             |       |       |       |     4 ||     4
Armor: Animal skin       |    51 |     7 |       |       ||    58
       Ring mail         |       |    29 |       |       ||    29
       Plate armour      |       |    57 |   282 |  1112 ||  1451
Dodge: Dodged            |    84 |    98 |   160 |   649 ||   991
